 Dungeon Crawl Stone Soup version 0.17-a0-744-gaa96792 (webtiles) character file.

164 namelastname112 the Cudgeler (level 5, -3/47 HPs)
             Began as a Draconian Chaos Knight on Apr 21, 2015.
             Slain by an iguana (6 damage)
             ... on level 4 of the Dungeon.
             The game lasted 00:03:17 (2015 turns).

namelastname112 the Cudgeler (DrCK)                 Turns: 2015, Time: 00:03:17

Health: -3/47      AC:  8    Str: 14    XL:     5   Next: 21%
Magic:  5/5        EV: 13    Int: 18    God:    Xom [...*..]
Gold:   138        SH:  0    Dex: 13    Spells: 0 memorised, 4 levels left

rFire  + . .     SeeInvis .     a - +0 mace (chaos)
rCold  . . .     Clarity  .     (armour unavailable)
rNeg   . . .     SustAb   +     (no shield)
rPois  .         Gourm    .     (helmet restricted)
rElec  .         Spirit   .     (no cloak)
rCorr  .         Warding  .     n - +2 pair of gloves
rMut   .         Stasis   .     (no boots)
MR     .....                    (no amulet)
Stlth  +.........               (no ring)
                                q - ring of sustain abilities

@: brilliant, hasted, very quick, not resistant to hostile enchantments, very
unstealthy
A: unfitting armour, stinger 1, agile 1, fire resistance 1, cold-blooded, AC +5
a: Renounce Religion


You were on level 4 of the Dungeon.
You worshipped Xom.
You were a favourite toy of Xom.
You were hungry.

You visited 1 branch of the dungeon, and saw 4 of its levels.

You collected 138 gold pieces.

Inventory:

Hand weapons
 a - a +0 mace of chaos (weapon)
Armour
 n - a +2 pair of gloves (worn)
Jewellery
 q - a ring of sustain abilities (left hand)
Scrolls
 d - a scroll of amnesia {unknown}
 e - 2 scrolls of identify {unknown}
 m - 2 scrolls of magic mapping {unknown}
 o - 4 scrolls of remove curse {unknown}
 p - a scroll of fear {unknown}
 s - a scroll of recharging {unknown}
 t - a scroll of fog {unknown}
Potions
 k - a potion of might {unknown}
 l - a potion of heal wounds {unknown}
 r - a potion of invisibility {unknown}
Comestibles
 b - a bread ration
 c - 3 meat rations
 f - a beef jerky
 h - 3 fruits


   Skills:
 + Level 4.4 Fighting
 * Level 4.6 Maces & Flails
 + Level 3.0 Dodging


You had 4 spell levels left.
You didn't know any spells.

Dungeon Overview and Level Annotations

Branches:
Dungeon (4/15)
 Temple: D:4-7

Altars:
Kikubaaqudgha
Xom

Annotations:
D:4 Blork the orc; Feynman's ghost, average TrMo


Innate Abilities, Weirdness & Mutations

Your plain brown scales are hard (AC +5).
Your body does not fit into most forms of armour.
You are cold-blooded and may be slowed by cold attacks.
Your tail ends in a poisonous barb.
You are agile. (Dex +2)
Your flesh is heat resistant.


Message History

The puff of flame hits you!
* * * LOW HITPOINT WARNING * * *
Feynman's ghost (average Troll Monk) comes into view.
The iguana bites you but does no damage.
Drink which item? (? for menu, Esc to quit)
Okay, then.
There is a stone staircase leading up here.
Drink which item? (? for menu, Esc to quit)
It was a potion of brilliance.
You feel clever all of a sudden.
Xom thinks this is hilarious!
The iguana bites you but does no damage.
Drink which item? (? for menu, Esc to quit)
It was a potion of mutation.
You feel extremely strange.
A poisonous barb forms on the end of your tail.
You feel agile.
You feel resistant to heat. The iguana barely misses you.
Drink which item? (? for menu, Esc to quit)
It was a potion of haste.
You feel yourself speed up. The iguana bites you.
You die...

∆ ∆ ∆ ### ∆ #.# .
###.# .# #@l.# .# ∆
###.# .# . ∆ #.# .#
...
.#.#####.##.#∆....
.W..........#.....
∆
.#.####..o....$....
..................
∆ .###.............
#............


You could see an iguana.

Vanquished Creatures
  A jelly (D:3)
  Terence (D:2)
  6 adders
  A worm (D:2)
  2 giant geckos
  An orc (D:3)
  A giant cockroach (D:4)
  2 hobgoblins (D:3)
  7 kobolds
  3 quokkas
  A ball python (D:2)
  4 bats (D:2)
  8 giant newts
  15 goblins
  5 rats
58 creatures vanquished.

Notes
Turn   | Place    | Note
--------------------------------------------------------------
     0 | D:1      | namelastname112, the Draconian Chaos Knight, began the quest for the Orb.
     0 | D:1      | Reached XP level 1. HP: 19/19 MP: 1/1
     8 | D:1      | XOM: harmless Divn miscast
    28 | D:1      | XOM: harmless Divn miscast
   210 | D:1      | Reached XP level 2. HP: 24/26 MP: 2/2
   856 | D:1      | XOM: harmless Fire miscast
   937 | D:2      | XOM: divination: detect creatures
   944 | D:2      | XOM: noise
   957 | D:2      | Reached XP level 3. HP: 20/33 MP: 3/3
  1027 | D:2      | Found an ancient bone altar of Kikubaaqudgha.
  1102 | D:2      | Reached skill level 4 in Fighting
  1110 | D:2      | Reached XP level 4. HP: 36/40 MP: 4/4
  1227 | D:2      | Noticed Terence
  1233 | D:2      | XOM: confuse monster(s)
  1238 | D:2      | Killed Terence
  1408 | D:2      | XOM: mild Tloc miscast
  1618 | D:3      | Reached XP level 5. HP: 36/47 MP: 5/5
  1917 | D:3      | XOM: scenery: create altars
  1988 | D:4      | Noticed Blork the orc
  1988 | D:4      | XOM: confuse monster(s)
  1994 | D:4      | XOM: divination: detect items
  2006 | D:4      | HP: 2/47 [Blork the orc/puff of flame (3)]
  2008 | D:4      | Noticed Feynman's ghost (average TrMo)
  2014 | D:4      | Gained mutation: Your tail ends in a poisonous barb. [potion of mutation]
  2014 | D:4      | Gained mutation: You are agile. (Dex +2) [potion of mutation]
  2014 | D:4      | Gained mutation: Your flesh is heat resistant. [potion of mutation]
  2015 | D:4      | Slain by an iguana

Action                   |  1- 3 |  4- 6 || total
-------------------------+-------+-------++-------
Melee: Mace              |    88 |    82 ||   170
  Use: Potion            |       |     3 ||     3
 Stab: Paralysed         |     2 |       ||     2
       Confused          |       |     3 ||     3
  Eat: Chunk             |     1 |     2 ||     3
